 Dungeon Crawl Stone Soup version 0.21.1-1-g345015fe64 (webtiles) character file.

63 Peloso the Covered (level 3, 0/34 HPs)
             Began as a Deep Dwarf Fighter on Apr 17, 2018.
             Slain by an ogre
             ... wielding a +0 giant spiked club
              (25 damage)
             ... on level 2 of the Dungeon.
             The game lasted 00:07:03 (2186 turns).

Peloso the Covered (Deep Dwarf Fighter)             Turns: 2186, Time: 00:07:04

Health: 0/34       AC:  8    Str: 25    XL:     3   Next: 89%
Magic:  3/3        EV:  7    Int:  8    God:
Gold:   162        SH: 10    Dex: 15    Spells: 2/2 levels left

rFire    . . .     SeeInvis .   a - +0 long sword
rCold    . . .     Gourm    .   c - +0 shield
rNeg     . . .     Faith    .   b - +0 scale mail
rPois    +         Spirit   .   (no helmet)
rElec    .         Reflect  .   p - +0 cloak
rCorr    .         Harm     .   (no gloves)
MR       .....                  (no boots)
Stlth    ..........             (no amulet)
HPRegen  0.00/turn              j - ring of poison resistance
MPRegen  0.08/turn              m - +3 ring of dexterity

@: mighty, non-regenerating
A: damage resistance, heal wounds, sense surroundings 1, no regeneration
a: Heal Wounds


You were on level 2 of the Dungeon.
You were not hungry.

You visited 1 branch of the dungeon, and saw 2 of its levels.

You collected 162 gold pieces.

Inventory:

Hand Weapons
 a - a +0 long sword (weapon)
Armour
 b - a +0 scale mail (worn)
 c - a +0 shield (worn)
 p - a +0 cloak (worn)
Jewellery
 j - a ring of poison resistance (left hand)
 m - a +3 ring of dexterity (right hand)
Scrolls
 g - 2 scrolls of noise {unknown}
 h - 7 scrolls of identify {unknown}
 i - a scroll of random uselessness {unknown}
 n - a scroll of fear {unknown}
 o - a scroll of teleportation {unknown}
 q - a scroll of remove curse {unknown}
Potions
 d - a potion of might
 e - a potion of ambrosia {unknown}
 k - a potion of haste {unknown}
 l - a potion of flight {unknown}
Comestibles
 f - 3 rations


   Skills:
 + Level 3.1 Fighting
 + Level 2.5 Long Blades
 + Level 4.0 Armour
 + Level 0.2 Dodging
 + Level 3.9 Shields


You had 2 spell levels left.
You didn't know any spells.

Dungeon Overview and Level Annotations

Branches:
Dungeon (2/15)

Altars:
Gozag


Innate Abilities, Weirdness & Mutations

You are resistant to damage.
You can heal yourself by infusing magical energy.
You passively map a small area around you.
You do not regenerate.


Message History

q - a scroll labeled ELIMIVIGUWK You see here a goblin corpse.
Things that are here:
a short sword; a jackal corpse; a kobold corpse You see here a goblin corpse.
You butcher the goblin corpse.
r - a chunk of flesh You see here a goblin skeleton.
Eating a chunk of flesh.
You eat the chunk of flesh.
This raw flesh tastes terrible.
Things that are here:
a short sword; a jackal corpse; a kobold corpse An ogre comes into view.
It is wielding a giant spiked club.
You aren't carrying any items that you can evoke.
You feel very mighty all of a sudden.
The ogre shouts!
Your shield prevents you from hitting the ogre.
The ogre hits you with a giant spiked club!!
Ouch! That really hurt!
You die...

######.## *, , ,
#........# * # ###
##.##.....# ,#.#.. .
....#...## ,#.#.# .#
#.###<....# ,#.#.##.#
#, ##..... #.#......#
#.#####..##
#.....O..# #........#
#@# * #######>## #.#
##'# ####.#####
##.#### #........#
##..#... #.##.##..#
##...#...
#.##.....####....#...
#.###.......'....#...
#.# #....####....#...
#.###.#..# ##...#...


You could see an ogre.

Vanquished Creatures
  An ooze (D:2)
  A worm (D:2)
  6 dart slugs
  A leopard gecko (D:2)
  A ball python (D:1)
  2 giant cockroaches
  5 goblins
  6 hobgoblins (D:1)
  3 jackals (D:2)
  3 bats
  4 frilled lizards
  6 kobolds
  3 rats (D:1)
  A plant (D:1)
43 creatures vanquished.

Notes
Turn   | Place    | Note
-------+----------+-------------------------------------------
     0 | D:1      | Peloso the Deep Dwarf Fighter began the quest for the Orb.
     0 | D:1      | Reached XP level 1. HP: 20/20 MP: 1/1
   218 | D:1      | Reached XP level 2. HP: 27/27 MP: 2/2
   984 | D:1      | Reached XP level 3. HP: 28/34 MP: 3/3
  1704 | D:2      | Found an opulent altar of Gozag.
  1979 | D:2      | Reached skill level 4 in Armour
  2184 | D:2      | Noticed an ogre
  2186 | D:2      | Slain by an ogre

Skill      XL: |  1  2  3 |
---------------+----------+-----
Fighting       | 3 |  3.1
Armour         | 4 |  4.0
Long Blades    | |  2.5
Dodging        | |  0.2
Shields        | |  3.9

Action                   || total
-------------------------++-------
Melee: Long sword        ||   224
  Use: Potion            ||     1
  Eat: Chunk             ||     5
Armor: Scale mail        ||    85
Dodge: Dodged            ||    56
Block: Shield            ||    80
       Rpst.: Long sword ||    17
